Map: Frozen Temple

Players

Miszu - Winner!

  • Race: Protoss Protoss
  • League: Master

Arcane

  • Race: Protoss Protoss
  • League: Master

VOD

Have the link to the VOD?

Description

Time

  • Played on: July 2, 2016, 5:34 p.m.
  • Length: 9:26
Show
View Real Time Build Order
Export as new Build Order

Miszu Protoss - Winner!

Build Orders:  

Get SALT Encoding   

  12  0:01  Probe (Chrono Boost)  
  13  0:11  Probe (Chrono Boost)  
  14  0:17  Pylon  
  14  0:23  Probe (Chrono Boost)  
  15  0:35  Probe (Chrono Boost)  
  16  0:37  Gateway  
  16  0:45  Probe (Chrono Boost)  
  16  0:48  Assimilator  
  17  0:56  Probe (Chrono Boost)  
  18  1:07  Gateway, Probe (Chrono Boost)  
  19  1:17  Pylon  
  22  1:28  Cybernetics Core  
  22  1:30  Zealot (Chrono Boost)  
  21  1:33  Probe  
  22  1:46  Probe  
  23  1:58  Probe  
  24  2:05  Stalker (Chrono Boost)  
  24  2:07  Warp Gate  
  24  2:08  Stalker (Chrono Boost)  
  28  2:10  Probe  
  29  2:16  Pylon  
  29  2:35  Adept, Stalker  
  33  2:40  Assimilator  
  32  2:55  Nexus  
  32  3:03  Stalker  
  34  3:12  Stalker  
  37  3:30  Mothership Core (Chrono Boost)  
  38  3:49  Probe (Chrono Boost)  
  38  3:55  Twilight Council  
  39  3:58  Pylon  
  39  4:07  Probe x2 (Chrono Boost)  
  41  4:17  Probe (Chrono Boost)  
  41  4:18  Probe (Chrono Boost)  
  43  4:28  Probe x2 (Chrono Boost)  
  43  4:31  Stalker x2  
  43  4:36  Pylon  
  47  4:39  Blink (Chrono Boost), Probe (Chrono Boost)  
  47  4:40  Probe (Chrono Boost)  
  49  4:50  Gateway  
  49  4:51  Probe  
  49  4:53  Probe  
  51  5:01  Stalker  
  51  5:02  Probe  
  51  5:05  Probe  
  55  5:12  Probe  
  56  5:18  Assimilator  
  56  5:20  Assimilator  
  56  5:21  Robotics Facility  
  56  5:24  Pylon  
  53  5:29  Probe  
  53  5:30  Probe  
  55  5:39  Probe  
  55  5:40  Sentry  
  55  5:42  Probe  
  59  5:50  Probe  
  59  5:54  Probe  
  59  5:57  Forge  
  61  5:59  Pylon  
  61  6:01  Probe  
  62  6:06  Probe  
  62  6:09  Observer (Chrono Boost)  
  64  6:13  Probe  
  64  6:16  Charge  
  65  6:18  Probe  
  65  6:22  Pylon  
  65  6:25  Probe  
  67  6:28  Immortal (Chrono Boost)  
  67  6:29  Protoss Ground Weapons Level 1  
  71  6:47  Nexus  
  71  6:49  Pylon  
  71  7:02  Immortal (Chrono Boost)  
  75  7:12  Gateway  
  75  7:14  Gateway  
  75  7:16  Gateway  
  75  7:24  Templar Archives  
  75  7:26  Pylon  
  75  7:28  Zealot x2  
  79  7:30  Zealot  
  81  7:37  Pylon  
  81  7:43  Immortal (Chrono Boost)  
  75  8:10  Stalker x3  
  73  8:19  High Templar x2  
  76  8:22  Mothership Core  
  76  8:23  Archon, Zealot  
  80  8:29  Immortal  
  80  8:34  Pylon, Zealot x3  
  90  8:42  Zealot  
  92  8:49  Zealot  
  92  9:02  Zealot x2  
  84  9:03  Zealot  
Show
View Real Time Build Order
Export as new Build Order

Arcane Protoss 

Build Orders:  

Get SALT Encoding   

  12  0:01  Probe (Chrono Boost)  
  13  0:11  Probe (Chrono Boost)  
  14  0:18  Pylon  
  14  0:22  Probe (Chrono Boost)  
  15  0:36  Probe (Chrono Boost)  
  15  0:40  Gateway  
  16  0:44  Assimilator  
  16  0:47  Probe (Chrono Boost)  
  17  1:00  Assimilator  
  17  1:03  Probe (Chrono Boost)  
  18  1:05  Assimilator  
  18  1:15  Gateway  
  19  1:18  Probe (Chrono Boost)  
  19  1:28  Cybernetics Core  
  19  1:32  Probe (Chrono Boost)  
  20  1:41  Pylon  
  20  1:46  Probe (Chrono Boost)  
  21  1:56  Probe (Chrono Boost)  
  22  2:05  Stalker  
  22  2:07  Mothership Core (Chrono Boost)  
  26  2:12  Stalker  
  28  2:26  Probe (Chrono Boost)  
  29  2:40  Warp Gate (Chrono Boost)  
  29  2:48  Nexus  
  29  2:57  Pylon  
  29  3:01  Probe (Chrono Boost)  
  29  3:10  Stalker  
  31  3:19  Probe (Chrono Boost)  
  30  3:25  Pylon  
  30  3:35  Stargate  
  30  3:43  Stalker x2  
  34  3:50  Probe  
  35  3:58  Probe  
  35  4:02  Probe  
  37  4:09  Probe  
  37  4:14  Probe  
  39  4:25  Oracle (Chrono Boost)  
  42  4:40  Pylon  
  42  4:43  Probe  
  42  4:45  Probe  
  44  4:48  Robotics Facility  
  44  4:50  Stalker  
  46  4:55  Pylon  
  46  4:59  Void Ray (Chrono Boost), Probe  
  50  5:04  Probe  
  52  5:10  Probe  
  53  5:16  Probe  
  53  5:20  Probe  
  54  5:22  Pylon  
  55  5:30  Probe  
  57  5:35  Immortal (Chrono Boost), Void Ray (Chrono Boost)  
  57  5:40  Assimilator  
  57  5:41  Assimilator  
  61  5:52  Pylon, Probe  
  61  5:53  Gateway x2  
  62  6:04  Probe  
  62  6:06  Probe  
  64  6:11  Gateway  
  64  6:13  Gateway  
  68  6:19  Immortal (Chrono Boost)  
  68  6:28  Void Ray  
  68  6:32  Probe  
  72  6:33  Sentry x2  
  72  6:35  Probe  
  78  6:49  Pylon  
  78  7:00  Pylon  
  78  7:05  Probe  
  78  7:07  Probe  
  78  7:08  Observer (Chrono Boost), Pylon  
  81  7:14  Stalker x2, Pylon  
  85  7:20  Adept x3  
  85  7:22  Adept  
  93  7:30  Warp Prism (Chrono Boost)  
  95  7:39  Probe  
  95  7:43  Gateway, Stalker  
  98  7:46  Adept  
  88  8:06  Stalker  
  88  8:07  Stalker x4  
  92  8:19  Stalker  
  94  8:36  Stalker x3  
  94  8:37  Adept  
  94  8:38  Adept  
  104  8:51  Stalker x2  
  74  9:14  Stalker x2  
  74  9:15  Stalker x3  
Tags
 
Add a new tag
Caveats
  • Supply blocks, unpowered buildings, or Contaminate may cause inaccurate times.
  • Supply counts are checked every 10 seconds.